Cogmind - Beta 16 @@@ ROGUE MODE // 2025.11.17 @ 08:37:01 Player: Mozco Result: Self-destructed Performance ------------- Evolutions (7) 3500 Regions Visited (10) 2000 Robots Destroyed (115) 575 Value Destroyed (5436) 5436 Prototype IDs (36) 720 Alien Tech Used (0) 0 Bonus (484) 484 TOTAL SCORE: 12715 Bonus ------- High Alert Combat Kills 170 Follower Combat Kills 14 Aligned with FarCom 300 Cogmind --------- Core Integrity 442/1300 Matter 119/800 Energy 50/100 System Corruption 1% Temperature Cool (18) Movement Walking (116) Location -3/Research Parts ------- > --- POWER (2) -------- (None) > --- PROPULSION (6) --- Armored Leg Armored Leg Multireflex Exoskeleton > --- UTILITY (10) ----- High-capacity Storage Unit Experimental Matter Compressor Enhanced Optical Array Advanced Signal Interpreter Advanced Terrain Scan Processor Advanced Launcher Guidance Computer Experimental Field Recycling Unit > --- WEAPON (3) ------- (None) > --- INVENTORY (20) --- Superbattery (1166) Experimental Matter Compressor (0) Advanced Trap Scanner Advanced Sensor Array Advanced Terrain Scanner Cloaking Device Cloak of Protection Improved Propulsion Shielding Advanced Force Field Dynamic Insulation System Peak State ------------ > --- POWER ------------ Neutrino Core Particle Reactor > --- PROPULSION ------- Armored Leg Armored Leg Multireflex Exoskeleton Multireflex Exoskeleton > --- UTILITY ---------- Improved Cryofiber Web Advanced Heat Sink High-capacity Storage Unit Enhanced Optical Array Advanced Sensor Array Advanced Signal Interpreter Advanced Terrain Scan Processor Improved Transmission Jammer Advanced Reaction Control System Advanced Shield Generator > --- WEAPON ----------- Improved Matter Neutralizer Improved Matter Neutralizer KE Penetrator > --- INVENTORY -------- Neutrino Core Particle Reactor Armored Leg Armored Leg Armored Leg Multireflex Exoskeleton Superbattery Advanced Trap Scanner Advanced Terrain Scanner Advanced Launcher Guidance Computer Recoil Stabilizer Cloaking Device Cloak of Protection EM Shield Improved Matter Neutralizer Improved Matter Neutralizer Scatter Rocket Array Scatter Rocket Array [Rating: 133] Favorites ----------- Power Ion Engine Engine Ion Engine Power Core Neutrino Core Reactor Antimatter Reactor Propulsion Aluminum Leg Leg Aluminum Leg Utility Large Storage Unit Device Improved Heat Sink Storage Large Storage Unit Processor Advanced Terrain Scan Processor Hackware System Shield Protection Improved Light Armor Plating Weapon AWS/Autocannon Energy Gun Dispersion Rifle Energy Cannon Beam Cannon Ballistic Gun KE Penetrator Ballistic Cannon AWS/Autocannon Launcher Scatter Rocket Array Impact Weapon Great Maul Build | -11 -10 -10 -10 -9 -8 -7 -6 -5 -4 -3 ------- Run | Yrd Mat Min Exi Min Mat Fac Fac Fac Fac Res Slots Evolved 14 | . . . . . 4 2 2 2 2 2 Power 1 | . . . . . . . . . . 1 Propulsion 4 | . . . . . 2 1 1 . . . Utility 8 | . . . . . 1 1 1 2 2 1 Weapon 1 | . . . . . 1 . . . . . Parts Attached 107 | 6 2 6 1 . 11 7 10 13 19 32 Power 11 | 1 . . . . 1 . 1 2 1 5 Engine 3 | 1 . . . . 1 . 1 . . . Core 3 | . . . . . . . . 2 . 1 Reactor 5 | . . . . . . . . . 1 4 Propulsion 24 | 2 . 2 . . 6 1 1 8 2 2 Treads . | . . . . . . . . . . . Leg 24 | 2 . 2 . . 6 1 1 8 2 2 Wheel . | . . . . . . . . . . . Hover . | . . . . . . . . . . . Flight . | . . . . . . . . . . . Utility 47 | 1 2 2 1 . 2 4 5 3 11 16 Device 23 | . . 2 . . . 1 2 2 8 8 Storage 7 | 1 1 . 1 . . . 1 . 1 2 Processor 10 | . . . . . . 3 1 1 2 3 Hackware 2 | . . . . . 1 . . . . 1 Protection 5 | . 1 . . . 1 . 1 . . 2 Artifact . | . . . . . . . . . . . Weapon 25 | 2 . 2 . . 2 2 3 . 5 9 Energy Gun 9 | 2 . 1 . . 1 1 1 . 3 . Energy Cannon 6 | . . 1 . . . . 1 . . 4 Ballistic Gun 4 | . . . . . . . . . 1 3 Ballistic Cannon 1 | . . . . . 1 . . . . . Launcher 4 | . . . . . . . 1 . 1 2 Special Weapon . | . . . . . . . . . . . Impact Weapon 1 | . . . . . . 1 . . . . Slashing Weapon . | . . . . . . . . . . . Piercing Weapon . | . . . . . . . . . . . Special Melee Weapon . | . . . . . . . . . . . Unidentified Prototypes 9 | . . . . . . 1 2 1 1 4 Parts Lost 36 | . . 1 . . . . 2 . . 33 Power 7 | . . . . . . . 1 . . 6 Propulsion 5 | . . . . . . . . . . 5 Utility 12 | . . . . . . . 1 . . 11 Weapon 12 | . . 1 . . . . . . . 11 Highest Loss Streak 15 | . . 1 . . . . 2 . . 15 To Critical Strikes 1 | . . . . . . . . . . 1 Average Backups 13 | . 4 9 10 12 12 14 12 13 16 17 Power . | . 1 1 1 1 . . . . 1 1 Propulsion 4 | . 1 4 4 4 5 5 4 3 4 3 Utility 5 | . . 2 3 5 6 7 5 6 7 8 Weapon 2 | . 1 1 1 2 1 1 2 3 3 3 Tool/Special . | . . . . . . . . . . . Unused Backups 11 | . . 1 . . 3 . 3 1 . 3 Power 1 | . . 1 . . . . . . . . Propulsion 3 | . . . . . 2 . . 1 . . Utility 5 | . . . . . . . 2 . . 3 Weapon 2 | . . . . . 1 . 1 . . . Tool/Special . | . . . . . . . . . . . Average Slot Usage (%) 87 | . 96 97 100 100 87 79 83 73 85 83 Engine 6 | . 14 14 14 14 9 7 5 1 . . Core 1 | . . . . . . . . 3 1 3 Leg 27 | . 28 28 28 28 35 34 40 23 20 18 Device 12 | . . 11 14 14 7 6 8 8 20 20 Storage 8 | . 16 14 14 14 9 7 7 5 5 5 Processor 8 | . . . . . . 13 10 16 15 15 Hackware 1 | . . . . . 8 . . . . . Protection 2 | . 8 2 . . 1 . 4 5 5 1 Energy Gun 7 | . 28 21 14 14 7 . . . 8 1 Energy Cannon 4 | . . 3 14 14 4 . 1 . . 5 Ballistic Cannon 2 | . . . . . 4 6 4 4 1 . Peak Build Rating 133 | 6 7 14 19 19 55 63 69 101 119 133 Average Rating 63 | 4 6 9 15 19 40 59 61 91 110 121 On Entrance 42 | . 6 7 14 19 19 55 63 67 101 113 Avg Prop Armor Cover (%) . | . . . . . . . . . . . Naked Turns . | . . . . . . . . . . . Heaviest Build 115 | 13 23 24 34 34 92 92 95 100 111 115 Greatest Support 113 | 20 20 20 20 20 55 65 80 108 108 113 Greatest Overweight (x) 1 | . 1 1 1 1 1 1 1 1 1 1 Average Overweight (x) . | . . . 1 1 . . . . . . Largest Inventory Capacity 20 | 8 10 10 15 15 15 15 15 15 20 20 Average Capacity 15 | 7 8 9 12 15 15 15 15 15 18 20 Most Carried 20 | 2 8 10 14 15 15 15 15 15 20 20 Average Carried 13 | . 4 9 10 14 14 14 13 14 17 18 Final Capacity 20 | 8 8 10 15 15 15 15 15 15 20 20 Final Carried 20 | 2 8 9 14 15 14 15 14 15 20 10 Class Distribution -------------------- 42% | Skirmisher 35% | Mutant 9% | Tank 7% | Infiltrator-Skirmisher Dominant Class ---------------- Mutant | -10/Materials Mutant | -10/Mines Mutant | -10/Exiles Mutant | -9/Mines Skirmisher | -8/Materials Skirmisher | -7/Factory Skirmisher | -6/Factory Skirmisher | -5/Factory Infiltrator-Skirmisher | -4/Factory Skirmisher | -3/Research Resources | -11 -10 -10 -10 -9 -8 -7 -6 -5 -4 -3 ----------- Run | Yrd Mat Min Exi Min Mat Fac Fac Fac Fac Res Matter Collected 2253 | 220 . 150 . 10 140 90 167 135 350 991 Remotely . | . . . . . . . . . . . Salvage Created 4000 | . . 356 . 91 667 166 280 366 414 1660 Parts 168 | . . 28 . 2 34 9 12 21 15 47 Haulers Intercepted 4 | . . . . . 1 . 1 . 1 1 Recyclers Shooed 4 | . . . . . 1 . . . 1 2 Parts Field Recycled 3 | . . . . . . . . . . 3 Retrieved Matter 62 | . . . . . . . . . . 62 Parts Self-Destructed . | . . . . . . . . . . . Prevented . | . . . . . . . . . . . Parts Restored . | . . . . . . . . . . . Kills | -11 -10 -10 -10 -9 -8 -7 -6 -5 -4 -3 ------- Run | Yrd Mat Min Exi Min Mat Fac Fac Fac Fac Res Combat Hostiles Destroyed 91 | . . 15 . 2 16 6 3 7 11 31 Guns 25 | . . 10 . 2 2 . . . 6 5 Cannons 43 | . . 5 . . 14 6 3 7 . 8 AOE 21 | . . . . . . . . . 5 16 Classes Destroyed 16 | . . 3 . . 7 2 . 2 . 2 Worker 4 | . . . . . 1 . 1 . . 2 Builder 4 | . . . . . 1 . . . . 3 Tunneler 2 | . . 1 . . . . 1 . . . Hauler 4 | . . . . . 1 . 1 . 1 1 Recycler 1 | . . . . . . . . . . 1 Mechanic 2 | . . . . . 1 . . . . 1 Operator 1 | . . . . . . . . 1 . . Watcher 6 | . . . . . 3 . 1 2 . . Swarmer 13 | . . 11 . . 2 . . . . . Grunt 44 | . . 4 . 2 11 3 2 . 6 16 Brawler 2 | . . . . . 1 . . . . 1 Sentry 8 | . . . . . . 1 . 4 1 2 Hunter 7 | . . . . . 2 . . . . 5 Programmer 13 | . . . . . . 2 1 2 4 4 Heavy 1 | . . . . . . . . 1 . . Behemoth 3 | . . . . . . . . . . 3 Best Kill Streak 10 | . . 4 . 2 8 3 2 3 4 10 Combat Bots Only 8 | . . 4 . 2 7 3 2 3 4 8 Max Kills in Single Turn 3 | . . 2 . 1 1 1 1 1 2 3 Gunslinging 1 | . . 1 . . . . . . . . Exploded 3 | . . . . . . . . . 2 3 Melee . | . . . . . . . . . . . Uniques/NPCs Destroyed . | . . . . . . . . . . . Combat | -11 -10 -10 -10 -9 -8 -7 -6 -5 -4 -3 -------- Run | Yrd Mat Min Exi Min Mat Fac Fac Fac Fac Res Hostile Shots Fired 823 | . 1 99 . 3 33 15 11 19 62 580 Missed 290 | . 1 32 . 2 14 3 4 7 26 201 Hits 533 | . . 67 . 1 19 12 7 12 36 379 Projectile 533 | . . 67 . 1 19 12 7 12 36 379 AOE 1 | . . . . . . . . . . 1 Critical Strikes 32 | . . . . . 1 2 2 1 2 24 Actively Blocked 1 | . . . . . . . . . . 1 Part Disruptions 2 | . . . . . . . . . 1 1 Actively Blocked 1 | . . . . . . . . . . 1 Damage Taken 9492 | . . 627 . 18 290 130 388 431 620 6988 Core 1191 | . . 179 . 18 31 17 14 . 74 858 Absorbed by Shields 517 | . . . . . . . . . 123 394 Redirected to Shielding 93 | . . . . . . . . . . 93 Ignored by Resistances 218 | . . . . . . . . 23 112 83 Regen/Repaired (Parts) 322 | . . . . . 86 . . 96 140 . Core Remaining (%) 86 | 100 . . . 21 94 97 98 100 93 . Volleys Fired 202 | . 1 48 . 4 18 . 12 1 33 85 Largest 3 | . 2 2 . 2 3 . 1 1 3 3 Hottest 264 | . 90 100 . 135 198 . 90 90 209 264 Shots Fired 489 | . 2 93 . 8 82 12 23 24 70 175 Gun 244 | . 2 76 . 4 30 . . . 55 77 Cannon 227 | . . 17 . 4 52 12 23 24 12 83 Launcher 18 | . . . . . . . . . 3 15 Special . | . . . . . . . . . . . Kinetic 174 | . . . . . 34 12 11 23 36 58 Thermal 297 | . 2 93 . 8 48 . 12 1 31 102 Explosive 18 | . . . . . . . . . 3 15 Electromagnetic . | . . . . . . . . . . . Robot Hit Streak 14 | . . 6 . 4 7 14 6 11 7 12 Robot Miss Streak 5 | . 2 4 . 1 3 . 2 1 5 4 Penetration Max 1 | . . . . . . . . . . 1 Secondary Targets 2 | . . 1 . . . . . . . 1 Max Gunslinging Chain 1 | . . 1 . . . . . . . 1 Autonomous 91 | . . . . . 34 12 11 23 11 . Shots Hit Robots 306 | . . 49 . 6 53 12 15 20 41 110 Core Hits 259 | . . 22 . 3 26 4 6 9 51 138 Critical Kills 4 | . . . . . . . . . 1 3 Critical Parts Destroyed 3 | . . . . . . . . . 2 1 Critical Strikes 21 | . . 3 . 1 4 . 2 3 4 4 Burn 6 | . . 3 . 1 2 . . . . . Meltdown 3 | . . . . . . . . . . 3 Destroy 4 | . . . . . . . . . 3 1 Blast 8 | . . . . . 2 . 2 3 1 . Melee Attacks 1 | . . . . . . 1 . . . . Impact 1 | . . . . . . 1 . . . . Slashing . | . . . . . . . . . . . Piercing . | . . . . . . . . . . . Sneak Attacks . | . . . . . . . . . . . Combat Hostiles . | . . . . . . . . . . . Follow-up Attacks . | . . . . . . . . . . . Damage Inflicted 18250 | . . 646 . 116 2784 1176 861 1932 2717 8018 Guns 3227 | . . 505 . 62 311 . . . 898 1451 Cannons 9167 | . . 141 . 54 2473 1176 836 1861 514 2112 Explosions 5796 | . . . . . . . . 42 1305 4449 Melee . | . . . . . . . . . . . Ramming 60 | . . . . . . . 25 29 . 6 Kinetic 8118 | . . . . . 2261 1176 614 1861 1052 1154 Thermal 4418 | . . 646 . 116 523 . 222 . 502 2409 Explosive 5654 | . . . . . . . . 42 1163 4449 Electromagnetic . | . . . . . . . . . . . Impact . | . . . . . . . . . . . Slashing . | . . . . . . . . . . . Piercing . | . . . . . . . . . . . Highest Corruption 10 | . . . . . . 1 10 1 3 1 Average Corruption 2 | . . . . . . 1 10 1 2 1 Corruption Purged . | . . . . . . . . . . . Corruption Blocked . | . . . . . . . . . . . Effects 20 | . . . . . . 1 8 3 5 3 Message Errors 7 | . . . . . . 1 1 2 3 . Matter Fused 2 | . . . . . . . 1 . 1 . Heat Flow Errors 3 | . . . . . . . 3 . . . Energy Discharges 2 | . . . . . . . 1 . . 1 Data Loss (minor) 2 | . . . . . . . 1 . . 1 Data Loss (major) 2 | . . . . . . . 1 1 . . Alerts 1 | . . . . . . . . . 1 . Weapon Failures 1 | . . . . . . . . . . 1 Overload Shots . | . . . . . . . . . . . Overflow Damage 990 | . . . . . 132 338 37 273 51 159 Projectiles 830 | . . . . . 132 338 27 273 . 60 Explosions 150 | . . . . . . . . . 51 99 Melee 10 | . . . . . . . 10 . . . Knockbacks 18 | . . . . . 6 5 1 4 2 . Impact 1 | . . . . . . . . 1 . . Kinetic 16 | . . . . . 5 5 1 3 2 . Secondary 1 | . . . . . 1 . . . . . Self-Inflicted Damage 392 | . . . . . . . . 51 125 216 Shots 12 | . . . . . . . . 1 3 8 Rammed . | . . . . . . . . . . . Targets Rammed 4 | . . . . . . . 1 2 . 1 Kicked 4 | . . . . . . . 1 2 . 1 Crushed . | . . . . . . . . . . . Highest Temperature 467 | . 39 290 . 108 352 5 370 30 301 467 Average Temperature 129 | . 21 162 . 45 125 5 95 22 126 140 Received Heat Transfer 1628 | . . 150 . 9 90 66 73 36 68 1136 Effects 4 | . . 1 . . 2 . . . 1 . Energy Bleed 2 | . . 1 . . 1 . . . . . Interference 2 | . . . . . 1 . . . 1 . Siege Activations . | . . . . . . . . . . . Martial Activations . | . . . . . . . . . . . Shielding Activations . | . . . . . . . . . . . Robots Disrupted . | . . . . . . . . . . . Combat Hostiles . | . . . . . . . . . . . Robots Corrupted . | . . . . . . . . . . . Combat Hostiles . | . . . . . . . . . . . Parts Fried 2 | . . . . . . . 2 . . . Impact Corruptions 1 | . . . . . . . 1 . . . Robots Melted 3 | . . . . . . . . . . 3 Combat Hostiles 2 | . . . . . . . . . . 2 Parts Melted 16 | . . 2 . 1 4 . . . 4 5 Heat Transferred 6588 | . . 1833 . 296 1184 . 350 . 594 2331 Parts Sabotaged . | . . . . . . . . . . . Parts Stolen . | . . . . . . . . . . . Parts Stripped . | . . . . . . . . . . . Power Chain Reactions . | . . . . . . . . . . . Alert | -11 -10 -10 -10 -9 -8 -7 -6 -5 -4 -3 ------- Run | Yrd Mat Min Exi Min Mat Fac Fac Fac Fac Res Maximum Alert Level 2 | . . . . . 1 . . . 1 2 Low Security (%) 89 | 100 100 100 . 100 95 100 100 100 70 71 Level 1 8 | . . . . . 4 . . . 29 20 Level 2 1 | . . . . . . . . . . 8 Level 3 . | . . . . . . . . . . . Level 4 . | . . . . . . . . . . . Level 5 . | . . . . . . . . . . . High Security . | . . . . . . . . . . . Max Security . | . . . . . . . . . . . Peak Influence 583 | . 10 197 . 50 225 96 150 123 263 583 Initial 96 | . . 3 . . . 96 40 61 31 92 Average 84 | . . 78 . 9 39 26 57 59 139 203 Influence Increases 3505 | . 10 469 . 50 534 185 262 331 519 1145 Destroy 0b10 Robot/C 1860 | . . 340 . 40 320 120 60 140 220 620 Destroy 0b10 Robot/NC 120 | . . 5 . . 35 . 20 15 5 40 Destroy Leader 460 | . . 60 . 10 78 40 24 64 52 132 Allied During Kill 4 | . . 4 . . . . . . . . Successful Hack 131 | . 10 . . . 17 24 16 39 4 21 Disable Machine 180 | . . . . . 30 . 15 15 90 30 Destroy Structure 495 | . . . . . 9 1 7 58 148 272 Lose Combat Pursuer 255 | . . 60 . . 45 . 120 . . 30 Influence Decreases 2966 | . . 314 165 50 321 314 220 392 407 783 Entered New Map 517 | . . 7 165 . . 117 44 65 34 85 Time Decay 1957 | . . 277 . 50 229 197 156 307 373 368 Lost Part 360 | . . 10 . . . . 20 . . 330 Lost Ally 40 | . . 20 . . . . . 20 . . Purge Threat 92 | . . . . . 92 . . . . . Squads Dispatched 29 | . . . . . 3 3 3 6 5 9 Investigation 2 | . . . . . 2 . . . . . Extermination 8 | . . . . . . 2 1 1 2 2 Reinforcement 11 | . . . . . 1 1 2 2 1 4 Assault 4 | . . . . . . . . 2 2 . Garrison 4 | . . . . . . . . 1 . 3 Intercept . | . . . . . . . . . . . Searches Triggered . | . . . . . . . . . . . Construction Impeded 2 | . . . . . . . . . . 2 Haulers Reinforced 2 | . . . . . . . 1 . . 1 Active Scanning Responses . | . . . . . . . . . . . Cargo Convoy Interrupts . | . . . . . . . . . . . Stealth | -11 -10 -10 -10 -9 -8 -7 -6 -5 -4 -3 --------- Run | Yrd Mat Min Exi Min Mat Fac Fac Fac Fac Res Distress Signals 6 | . . . . . 2 . . 1 1 2 Communications Jammed 1 | . . . . . . . . . . 1 Distress Signals 1 | . . . . . . . . . . 1 Times Spotted 133 | . 3 23 . 1 20 5 12 10 14 45 Peak Tracking Total 10 | . 4 5 . 1 5 4 5 2 4 10 Tactical Retreats 10 | . . 3 . . 2 . 3 . . 2 Traps | -11 -10 -10 -10 -9 -8 -7 -6 -5 -4 -3 ------- Run | Yrd Mat Min Exi Min Mat Fac Fac Fac Fac Res Traps Triggered 1 | . . . . . . . . 1 . . Indirectly . | . . . . . . . . . . . Trap Hack Attempts . | . . . . . . . . . . . Triggered . | . . . . . . . . . . . Disarmed 6 | . . . . . 6 . . . . . Reprogrammed . | . . . . . . . . . . . Reused . | . . . . . . . . . . . Traps Extracted . | . . . . . . . . . . . Installed . | . . . . . . . . . . . Triggered . | . . . . . . . . . . . Machines | -11 -10 -10 -10 -9 -8 -7 -6 -5 -4 -3 ---------- Run | Yrd Mat Min Exi Min Mat Fac Fac Fac Fac Res Machines Disabled 12 | . . . . . 2 . 1 1 6 2 Max in Single Turn 4 | . . . . . 1 . 1 1 4 1 Garrison Access 4 | . . . . . 1 . . 1 2 . Machines Repaired . | . . . . . . . . . . . Machines Dismantled . | . . . . . . . . . . . Machines Sabotaged . | . . . . . . . . . . . Overloaded Fab Kills . | . . . . . . . . . . . Hacking | -11 -10 -10 -10 -9 -8 -7 -6 -5 -4 -3 --------- Run | Yrd Mat Min Exi Min Mat Fac Fac Fac Fac Res Machines Accessed 32 | . 2 . 2 . 6 4 3 8 5 2 Terminals 19 | . 2 . . . 4 3 . 7 2 1 Fabricators 2 | . . . . . . . 2 . . . Repair Stations 3 | . . . . . 1 . . 1 1 . Recycling Units 1 | . . . . . . . . . 1 . Scanalyzers 3 | . . . . . . 1 1 . . 1 Garrison Access 2 | . . . . . 1 . . . 1 . Total Hacks 88 | . 7 . 2 . 20 11 8 22 11 7 Successful 45 | . 4 . 2 . 10 3 5 8 9 4 Failed 43 | . 3 . . . 10 8 3 14 2 3 Catastrophic 9 | . . . . . 2 1 . 4 2 . Database Lockouts . | . . . . . . . . . . . Manual 46 | . 3 . 1 . 12 3 6 17 1 3 Terminals 58 | . 7 . . . 15 9 . 20 2 5 Fabricators 7 | . . . . . . . 7 . . . Repair Stations 10 | . . . . . 4 . . 2 4 . Recycling Units 4 | . . . . . . . . . 4 . Scanalyzers 5 | . . . . . . 2 1 . . 2 Garrison Access 2 | . . . . . 1 . . . 1 . Terminal Hacks 14 | . 3 . 2 . 6 1 . 1 . 1 Record 1 | . . . 1 . . . . . . . Part Schematic 2 | . . . . . . . . 1 . 1 Robot Analysis 3 | . 1 . . . 2 . . . . . Prototype ID Bank 2 | . 1 . . . 1 . . . . . Branch Access Points 1 | . . . . . . 1 . . . . Emergency Access Points 1 | . . . . . 1 . . . . . Unreport Threat 1 | . . . . . 1 . . . . . Disarm Traps 1 | . . . . . 1 . . . . . Zone Layout 1 | . 1 . . . . . . . . . Proto ID Catalog 1 | . . . 1 . . . . . . . Fabricator Hacks 1 | . . . . . . . 1 . . . Network Status 1 | . . . . . . . 1 . . . Repair Station Hacks 9 | . . . . . 3 . . 2 4 . Scan Component 5 | . . . . . 2 . . 1 2 . Repair 4 | . . . . . 1 . . 1 2 . Recycling Unit Hacks 4 | . . . . . . . . . 4 . Recycle Component 1 | . . . . . . . . . 1 . Process 1 | . . . . . . . . . 1 . Report Inventory 1 | . . . . . . . . . 1 . Retrieve Matter 1 | . . . . . . . . . 1 . Scanalyzer 3 | . . . . . . 1 . . . 2 Insert Component 1 | . . . . . . . . . . 1 Analyze 1 | . . . . . . . . . . 1 Retrieve Study 1 | . . . . . . 1 . . . . Garrison Access Hacks 2 | . . . . . 1 . . . 1 . Seal Access 2 | . . . . . 1 . . . 1 . Unauthorized Hacks 12 | . 1 . . . . 1 4 5 . 1 Terminals 8 | . 1 . . . . 1 . 5 . 1 Track 1 | . . . . . . . . 1 . . Botnet 5 | . 1 . . . . 1 . 2 . 1 Disrupt 1 | . . . . . . . . 1 . . Operators 1 | . . . . . . . . 1 . . Fabricators 4 | . . . . . . . 4 . . . Report 1 | . . . . . . . 1 . . . Fabnet 2 | . . . . . . . 2 . . . Haulers 1 | . . . . . . . 1 . . . Repair Stations . | . . . . . . . . . . . Recycling Units . | . . . . . . . . . . . Scanalyzers . | . . . . . . . . . . . Garrison Access . | . . . . . . . . . . . Data Cores Recovered 1 | . . . . . . . . 1 . . Used 1 | . . . . . . . . 1 . . Hacking Detections 25 | . 2 . . . 5 4 3 7 2 2 Full Trace Events 3 | . 1 . . . 2 . . . . . Feedback Events . | . . . . . . . . . . . Feedback Blocked . | . . . . . . . . . . . Robot Schematics Acquired . | . . . . . . . . . . . Robots Built . | . . . . . . . . . . . Authchips . | . . . . . . . . . . . Time . | . . . . . . . . . . . Total Robot Build Rating . | . . . . . . . . . . . Part Schematics Acquired 3 | . . . . . . . . 1 . 2 Parts Built . | . . . . . . . . . . . Authchips . | . . . . . . . . . . . Time . | . . . . . . . . . . . Total Part Build Rating . | . . . . . . . . . . . Part Studies Acquired 1 | . . . . . . 1 . . . . Parts Repaired 4 | . . . . . 1 . . 1 2 . Time 262 | . . . . . 70 . . 80 112 . Parts Recycled 1 | . . . . . . . . . 1 . Recycled Matter 156 | . . . . . . . . . 156 . Retrieved Matter 156 | . . . . . . . . . 156 . Retrieved Components . | . . . . . . . . . . . Parts Scanalyzed 1 | . . . . . . . . . . 1 Part Schematics Acquired 1 | . . . . . . . . . . 1 Parts Damaged . | . . . . . . . . . . . Bothacking | -11 -10 -10 -10 -9 -8 -7 -6 -5 -4 -3 ------------ Run | Yrd Mat Min Exi Min Mat Fac Fac Fac Fac Res Used RIF Installer . | . . . . . . . . . . . Robots Hacked 1 | . . . . . . . . 1 . . Non-combat . | . . . . . . . . . . . Combat 1 | . . . . . . . . 1 . . Robot Hacks Applied . | . . . . . . . . . . . Relay Couplers Released 1 | . . . . . . . . 1 . . Machine Destruction 1 | . . . . . . . . 1 . . Fabnet Peak Effective % 6 | . . . . . . . . 6 2 . Autooverrided 1 | . . . . . . . . 1 . . Robots Rewired . | . . . . . . . . . . . Allies Hacked . | . . . . . . . . . . . Hacks Repelled . | . . . . . . . . . . . Allies | -11 -10 -10 -10 -9 -8 -7 -6 -5 -4 -3 -------- Run | Yrd Mat Min Exi Min Mat Fac Fac Fac Fac Res Total Allies 2 | . . 1 . . . . . 1 . . Largest Group 1 | . . 1 . . . . . . . . Highest-Rated Group 31 | . . 31 . . . . . . . . Highest-Rated Ally 31 | . . 31 . . . . . . . . Total Orders . | . . . . . . . . . . . Ally Attacks 6 | . . 6 . . . . . . . . Total Damage 83 | . . 83 . . . . . . . . Kills 2 | . . 2 . . . . . . . . Allies Corrupted . | . . . . . . . . . . . Allies Melted . | . . . . . . . . . . . Intel | -11 -10 -10 -10 -9 -8 -7 -6 -5 -4 -3 ------- Run | Yrd Mat Min Exi Min Mat Fac Fac Fac Fac Res Active Infowar (turns) 3789 | . . . . . . 616 387 842 1092 852 Optics 2747 | . . . . . . . . 803 1092 852 Sensors 433 | . . . . . . . . . . 433 Terrain 2873 | . . . . . . 616 387 842 757 271 Traps 40 | . . . . . . . . . 40 . T.N.C. 3 | . . . . . . . . . 3 . Cloaking 119 | . . . . . . . . . 60 59 Jamming 450 | . . . . . . . . . 318 132 Robot Analysis Total 3 | . 1 . . . 2 . . . . . Derelict Logs Recovered 3 | . . 2 . 1 . . . . . . Drone Launches . | . . . . . . . . . . . Drone Recoveries . | . . . . . . . . . . . Exploration | -11 -10 -10 -10 -9 -8 -7 -6 -5 -4 -3 ------------- Run | Yrd Mat Min Exi Min Mat Fac Fac Fac Fac Res Turns Passed 6906 | 63 113 658 860 302 932 712 480 842 1092 852 Spaces Moved 3804 | 50 77 382 450 153 517 360 245 636 623 311 Core 10 | 10 . . . . . . . . . . Treads . | . . . . . . . . . . . Legs 3794 | 40 77 382 450 153 517 360 245 636 623 311 Wheels . | . . . . . . . . . . . Hover . | . . . . . . . . . . . Flight . | . . . . . . . . . . . Fastest Speed 50 | 50 120 120 190 190 120 120 110 107 110 113 Average Speed 146 | 106 128 128 190 190 146 188 162 114 125 145 Slowest Speed 190 | 120 190 190 190 190 190 190 180 182 185 186 Overloaded Moves . | . . . . . . . . . . . Propulsion Burnouts . | . . . . . . . . . . . Robots Hopped . | . . . . . . . . . . . Potential Cave-ins . | . . . . . . . . . . . Cave-ins Triggered 1 | . . . . . . . 1 . . . Exploration Rate (%) 27 | 4 19 83 70 40 30 7 5 21 18 10 Regions Visited 10 Branch Regions 3 Pre-discovered Areas 5 | . . 3 1 1 . . . . . . Known Exits Taken 3 | . . . . . . . 1 1 1 . Unknown Exits Taken 7 | 1 1 1 1 1 1 1 . . . . Scrap Searched 1 | . . 1 . . . . . . . . Spaces Dug 6 | . . . . . . 1 2 1 2 . Terrain Destroyed 309 | . . . . . 8 1 7 32 71 190 Melee 1 | . . . . . . 1 . . . . Projectile 56 | . . . . . 8 . 7 3 7 31 AOE 252 | . . . . . . . . 29 64 159 Terrain Rammed . | . . . . . . . . . . . Walls Destroyed . | . . . . . . . . . . . Machines Disabled . | . . . . . . . . . . . Actions | -11 -10 -10 -10 -9 -8 -7 -6 -5 -4 -3 --------- Run | Yrd Mat Min Exi Min Mat Fac Fac Fac Fac Res Total 4751 | 57 88 455 456 157 659 393 319 755 867 545 Wait 418 | . . 9 . . 89 14 21 70 149 66 Move 3792 | 49 76 381 449 152 516 359 244 635 620 311 Hop . | . . . . . . . . . . . Pick Up 78 | 2 5 5 4 1 10 4 8 8 13 18 Fast Attach 46 | 6 3 1 . . 1 4 5 5 9 12 Attach 49 | . . 1 . . 4 3 9 6 6 20 Detach 11 | . 1 . . . . 1 5 2 1 1 Swap 71 | . 1 5 1 . 9 2 4 9 21 19 Drop 77 | . 1 5 2 . 12 5 10 17 13 12 Fire 202 | . 1 48 . 4 18 . 12 1 33 85 Melee 1 | . . . . . . 1 . . . . Ram . | . . . . . . . . . . . Kick 4 | . . . . . . . 1 2 . 1 Crush . | . . . . . . . . . . . Escape Stasis 2 | . . . . . . . . . 2 . Rewire . | . . . . . . . . . . . Trap . | . . . . . . . . . . . Miscellaneous . | . . . . . . . . . . . Route ------- -11/Scrapyard -10/Materials -10/Mines (discovered 4 exits: [*Mat x2] / *Exi / [*Sub]) -10/Exiles -9/Mines -8/Materials -7/Factory (discovered 5 exits: *Fac / Sto x2 / Low x2) -6/Factory -5/Factory (discovered 2 exits: *Fac / *Upp) -4/Factory -3/Research History --------- Turn | Location | Event 36 | -11/Scrapyard | Discovered new exit (range 15) 64 | -11/Scrapyard | Entered Materials 167 | -10/Materials | Discovered new exit (range 8) 177 | -10/Materials | Entered Mines 180 | -10/Mines | Learned location of Recycling (-7) 210 | -10/Mines | Met a Derelict bent on vengeance 307 | -10/Mines | Build established: Mutant 365 | -10/Mines | Discovered new exit (range 7) 426 | -10/Mines | Discovered new exit (range 11) 457 | -10/Mines | Escorted by a lone wolf Derelict 477 | -10/Mines | Learned location of Storage (-7) 533 | -10/Mines | Core integrity fell below 50% 688 | -10/Mines | Learned location of Zion (-6) 688 | -10/Mines | Discovered new exit (range 11) 826 | -10/Mines | Deemed a non-threat by the Exiles lab entrance 828 | -10/Mines | Discovered new exit (range 5) 835 | -10/Mines | Entered Exiles 879 | -10/Exiles | Met 8R-AWN 913 | -10/Exiles | Met EX-HEX 972 | -10/Exiles | Met EX-BIN 999 | -10/Exiles | Aligned with FarCom system 1001 | -10/Exiles | Given EX-Vault access code 1044 | -10/Exiles | Opened EX-Vault 1094 | -10/Exiles | Warned to stay clear of 0b10 Research branches 1145 | -10/Exiles | Met EX-DEC 1495 | -10/Exiles | Found AWS/Autocannon 1501 | -10/Exiles | Found Superbattery 1508 | -10/Exiles | Found Cloak of Protection 1678 | -10/Exiles | Discovered new exit (range 11) 1695 | -10/Exiles | Stole three prototypes: Superbattery, Cloak of Protection, AWS/Autocannon 1695 | -10/Exiles | Entered Mines 1793 | -9/Mines | Learned Materials emergency access door positions 1844 | -9/Mines | Found a hidden stash of uninstalled traps 1974 | -9/Mines | Discovered new exit (range 12) 1997 | -9/Mines | Entered Materials 1997 | -8/Materials | Evolved 4 slots: Propulsion x2, Utility x1, Weapon x1 2724 | -8/Materials | Repaired Broken Beamcaster 2803 | -8/Materials | Build established: Skirmisher 2868 | -8/Materials | Discovered new exit (range 16) 2912 | -8/Materials | Destroyed 7 combat bots 2929 | -8/Materials | Entered Factory 2929 | -7/Factory | Evolved 2 slots: Propulsion x1, Utility x1 2931 | -7/Factory | FarCom data flow suspended 3330 | -7/Factory | Discovered new exit (range 13) 3589 | -7/Factory | Identified exit to Storage 3589 | -7/Factory | Identified exit to Lower Caves 3641 | -7/Factory | Entered another Factory area 3641 | -6/Factory | Evolved 2 slots: Propulsion x1, Utility x1 3722 | -6/Factory | Found Prototype Launcher 3724 | -6/Factory | Identified Scatter Rocket Array 3730 | -6/Factory | Found Scatter Rocket Array 3732 | -6/Factory | Found Scatter Rocket Array 3939 | -6/Factory | Crushed by falling debris 3939 | -6/Factory | System corruption reached 10% 4069 | -6/Factory | Discovered new exit (range 13) 4120 | -6/Factory | Identified exit to Factory 4121 | -6/Factory | Entered another Factory area 4121 | -5/Factory | Evolved 2 slots: Utility x2 4501 | -5/Factory | Discovered new exit (range 14) 4521 | -5/Factory | Identified exit to Upper Caves 4716 | -5/Factory | Garrison activated, responded to threat 4881 | -5/Factory | Repaired Multireflex Exoskeleton 4945 | -5/Factory | Discovered new exit (range 4) 4948 | -5/Factory | Identified exit to Factory 4963 | -5/Factory | Entered another Factory area 4963 | -4/Factory | Evolved 2 slots: Utility x2 5187 | -4/Factory | AWS/Autocannon suddenly broke down 5402 | -4/Factory | Build established: Infiltrator-Skirmisher 5844 | -4/Factory | Discovered new exit (range 19) 5984 | -4/Factory | Repaired KE Penetrator 6041 | -4/Factory | Repaired Adv. Shield Generator 6054 | -4/Factory | Identified exit to Research 6055 | -4/Factory | Entered Research 6055 | -3/Research | Evolved 2 slots: Power x1, Utility x1 6394 | -3/Research | Spotted B-86 Titan 6442 | -3/Research | Destroyed B-86 Titan 6619 | -3/Research | Found Fusion Bomb Launcher 6681 | -3/Research | Garrison activated, responded to threat 6698 | -3/Research | Spotted B-86 Titan 6760 | -3/Research | Destroyed B-86 Titan 6781 | -3/Research | Destroyed 7 combat bots 6796 | -3/Research | Lost 15 parts (3p3n4u5w) 6801 | -3/Research | Spotted B-86 Titan 6812 | -3/Research | Destroyed B-86 Titan 6850 | -3/Research | Core integrity fell below 50% 6889 | -3/Research | Destroyed 8 combat bots 6907 | -3/Research | Self-destructed Last Messages --------------- 06902_ The unstable cave ceiling collapses. 06902_ Acquired 10 matter. 06902_ U-05 Engineer lays Concrete. 06903_ Acquired 135 matter. 06903_ U-05 Engineer lays Concrete. 06904_ Destroyed Adv. Heat Sink. 06904_ U-05 Engineer lays Concrete. 06904_ Penetrated by Slug. 06904_ U-05 Engineer lays Concrete. 06905_ The unstable cave ceiling collapses. 06905_ K-01 Serf sends out distress signal. 06905_ U-05 Engineer lays Concrete. 06906_ The unstable cave ceiling collapses. 06906_ U-05 Engineer lays Concrete. 06907_ Imp. Matter Neutralizer destroyed. 06907_ U-05 Engineer lays Concrete. 06907_ Scatter Rocket Array destroyed. 06907_ Penetrated by Slug. 06907_ Arm. Leg destroyed. 06907_ U-05 Engineer lays Concrete. Map ----- +----------------------------------------------------+ | ?????????????????????????????????????????????????? | | ?????????????????????????????????????????????????? | | ?????????????????????????????????????????????????? | | ??????????????????????????? ?????????????????????? | | ?????????????????????#####? ????????????????????? | | ???????????????????? ? "???????????????????? | | ????????????????#??# # ???????????????????? | | ???????????????? # ! # ???????????????????? | | ??????????????? ?/ # ????????????????????? | | ???????????????# ?# # ????????????????????? | | ???????????????##Y## ????????????????????? | | ????????????###? # ????????????????????? | | ????????????? # # ????????????????????? | | ?????????????? # #???????#????????????? | | ? ??????????? ?????# #????????????? | | ?????????? #######k#????????????? | | ?????????# g ##???????????? | | ???????#+# g g #???????????? | | ###?#### +???????????? | | # ?# "" #???????????? | | ##"" u #???????????? | | ?#"T ;## #???????????? | | ?#""" u = ; #???????????? | | ?# "" % ; #???????????? | | # #?##; u u% ! R ### ###?????????? | | # ## # R =@[ # #?????????? | | #??##### # ! #?????????? | | ###### # # #?????????? | | # ## # # # # Y #?????????? | | #########/# #?????????? | | # + #?##??????? | | # # #?#???????? | | % #! = # ##########???????? | | #* = # ##?##????#?##?????? | | /% % # ######### ???????? | | # # ## #??#?## ? ??#???? | | ! # !% #####+##+######?##? ? ?#?#???? | | % [# | #?#?# ?? +? #??##?? | | # ######"######?# = #####?#? ??#???? | | # # # ] ### / #####/######??#??? | | ### ## ## ### #= #??##????#? | | ??#?# ## ## ###!!! # #######???# | | ?? ?##### ## ###!!! # #?######??# | | ? ?#?#?###?#####+#####?#!! + #?###???#?? | | ??? ? #?# ##?## # ########??? | | # ?? ? ?### ##### # #???###??#? | | ? ?#? "?" ?#?# " ################?? | | ? ?? ??"?? ?## ######## #=######?#######?### | | +? ?"""??### ######## # # #############?## | | #?? """???#### ############# # ############### | +----------------------------------------------------+ Best States ------------- Heat Dissipation 84 Energy Generation 37 Energy Capacity 1625 Matter Stores 300 Matter Capacity 1300 Sight Range 22 Robot Scan Range 16 Terrain Scan Range 20 Terrain Scan Density 210 Jamming Range 14 Cloak Strength 5 Base Temperature (-) 150 EM Shielding 2 Armor Coverage 600 Resistance: EM 25 Propulsion Shielding 66 Evasion (%) 67 Targeting Accuracy 8 Launcher Accuracy 40 Target Analysis 8 Recoil Reduction 4 Defensive Hacking 10 Item Schematics ----------------- Adv. Cryofiber Web | -5/Factory | Hacked Enh. Quantum Rifle | -3/Research | Hacked Particle Reactor | -3/Research | Scanalyzed Robot Schematics ------------------ None Fabricated ------------ Nothing Repaired ---------- Beamcaster | 4% | -8/Materials | Broken Multireflex Exoskeleton | 68% | -5/Factory KE Penetrator | 29% | -4/Factory Adv. Shield Generator | 54% | -4/Factory Studied --------- Carbon-fiber Leg | -7/Factory | Hacked Alien Tech Used ----------------- None Achievements -------------- None Challenges ------------ None Game ------ Seed RagnarokMasterWall Manual? 0 Play Time 01:14:43 Cumulative 277.9 hours Start 2025.11.17 @ 07:14:25 End 2025.11.17 @ 08:37:01 Sessions 1 Manual Loads 0 Difficulty Rogue Special Mode None Game No. 297 Rogue 293 Adventurer 3 Explorer 1 Win Type - Total 1 Types 1/0/0/0/0/0/0/0/0/0 Lore% 78 Gallery% 76 Achievement% 60 Wizard Run 0 Options --------- Layout 0 ASCII 0 Keyboard 0 Movement Mouse Keybinds 0 Fullscreen 2 Font 18/SmallcapsGlow Map View 76x50 Zoom Use 0% Tactical HUD 1 Map Filters NONE Filters NONE Steam 1 RUN: 7cce4835-000b-4659-81f6-b35402cc592e